 Dungeon Crawl Stone Soup version 0.23-a0-481-g60b89c1 (webtiles) character file.

99294 XanderDroid the Martial Artist (level 16, -3/125 HPs)
             Began as a Gnoll Wanderer on Nov 27, 2018.
             Was a High Priest of Ashenzari.
             Slain by a cyclops (10 damage)
             ... on level 15 of the Dungeon on Nov 29, 2018.
             The game lasted 03:36:24 (38334 turns).

XanderDroid the Martial Artist (Gnoll Wanderer)    Turns: 38334, Time: 03:36:25

Health: -3/125     AC: 22    Str: 17    XL:     16   Next: 24%
Magic:  30/30      EV:  2    Int: 15    God:    Ashenzari [*****.]
Gold:   1257       SH:  0    Dex: 23    Spells: 26/36 levels left

rFire    . . .     SeeInvis +   a - +9 staff of Olgreb {rPois}
rCold    . . .     Gourm    .   x - +0 shield {AC+3}
rNeg     + + +     Faith    .   I - +1 ring mail of Dogma {MR+} (curse)
rPois    ∞         Spirit   .   q - +2 helmet (curse)
rElec    .         Reflect  .   e - +2 cloak
rCorr    +         Harm     .   (no gloves)
MR       ++...     Clarity  +   w - +2 pair of boots (curse)
Stlth    +++++.....             m - amulet of regeneration (curse)
HPRegen  0.70/turn              r - ring "Pyalazig" {rCorr Dex+4} (curse)
MPRegen  0.22/turn              v - ring of stealth

@: petrified
A: distributed training, fangs 1, strong nose
a: Curse Item, Scrying, Renounce Religion


You were on level 15 of the Dungeon.
You worshipped Ashenzari.
Ashenzari was extremely pleased with you.
You were not hungry.

You visited 4 branches of the dungeon, and saw 24 of its levels.
You also visited: Ice Cave.

You collected 3314 gold pieces.
You spent 2057 gold pieces at shops.

Inventory:

Hand Weapons
 a - the +9 staff of Olgreb (weapon) {rPois}
   (You found it on level 9 of the Dungeon)

   It protects you from poison.
 b - a +3 short sword of flaming
Missiles
 h - 5 javelins (quivered)
Armour
 e - a +2 cloak (worn)
 q - a cursed +2 helmet (worn)
 w - a cursed +2 pair of boots (worn)
 x - a +0 shield of protection (worn)
 I - the cursed +1 ring mail of Dogma (worn) {MR+}
   (You bought it in a shop on level 2 of the Orcish Mines)

   It affects your resistance to hostile enchantments.
   It has a curse placed upon it.
Jewellery
 i - an uncursed ring of protection from cold
 m - a cursed amulet of regeneration (around neck)
 r - the cursed ring "Pyalazig" (left hand) {rCorr Dex+4}
   (You bought it in a shop on level 10 of the Dungeon)

   [ring of resist corrosion]

   It affects your dexterity (+4).
   It has a curse placed upon it.
 v - a ring of stealth (right hand)
 B - an uncursed ring of positive energy
 E - an uncursed ring of protection from fire
Wands
 l - a wand of digging (6)
 u - a wand of flame (41)
Scrolls
 c - 5 scrolls of teleportation
 k - 12 scrolls of identify
 n - a scroll of amnesia
 o - 4 scrolls of magic mapping
 p - 3 scrolls of enchant weapon
 t - 4 scrolls of enchant armour
 y - 2 scrolls of remove curse
 C - 2 scrolls of immolation
 D - 2 scrolls of fog
Potions
 g - 3 potions of invisibility
 j - 3 potions of flight
 s - 2 potions of curing
 z - 3 potions of mutation
 A - a potion of agility
 H - 4 potions of might
Miscellaneous
 G - a phantom mirror
Comestibles
 f - 16 rations


   Skills:
 + Level 11.3 Fighting
 + Level 10.5 Short Blades
 + Level 10.5 Long Blades
 + Level 10.5 Axes
 + Level 10.5 Maces & Flails
 + Level 10.5 Polearms
 + Level 10.5 Staves
 + Level 10.5 Slings
 + Level 11.3 Bows
 + Level 10.5 Crossbows
 + Level 10.5 Throwing
 + Level 11.3(13.7) Armour
 + Level 10.5(12.9) Dodging
 + Level 10.5 Stealth
 + Level 10.8 Shields
 + Level 11.3 Unarmed Combat
 + Level 10.5 Spellcasting
 + Level 8.9(11.4) Conjurations
 + Level 8.9(11.4) Hexes
 + Level 8.9(11.4) Charms
 + Level 8.9(11.4) Summonings
 + Level 8.9(11.4) Necromancy
 + Level 8.9(11.4) Translocations
 + Level 8.9(11.4) Transmutations
 + Level 8.9(11.4) Fire Magic
 + Level 8.9(11.4) Ice Magic
 + Level 8.9(11.4) Air Magic
 + Level 8.9(11.4) Earth Magic
 + Level 8.9(11.4) Poison Magic
 + Level 11.3 Invocations
 + Level 10.8(13.2) Evocations


You had 26 spell levels left.
You knew the following spells:

 Your Spells              Type           Power        Failure   Level  Hunger
a - Confusing Touch       Hex            #####.       1%          1    None
b - Airstrike             Air            #####.....   2%          4    ###....
c - Borgnjor's Vile Clut  Necr/Erth      #####.....   6%          5    #####..

Your spell library contained the following spells:

 Spells                   Type           Power        Failure   Level  Hunger
 Corona                   Hex            #####..      1%          1    None
 Shock                    Conj/Air       ####         1%          1    None
 Corpse Rot               Necr           N/A          1%          2    None
 Ensorcelled Hibernation  Hex/Ice        #####.       1%          2    None
 Passwall                 Tmut/Erth      #####...     1%          2    None
 Swiftness                Chrm/Air       #####...     1%          2    None
 Confuse                  Hex            #####...     1%          3    None
 Dazzling Spray           Conj/Hex       #####.       1%          3    None
 Gell's Gravitas          Tloc           #####.....   1%          3    None
 Recall                   Summ/Tloc      N/A          1%          3    None
 Static Discharge         Conj/Air       #####...     1%          3    None
 Stone Arrow              Conj/Erth      #####.       1%          3    None
 Tukima's Dance           Hex            #####...     1%          3    None
 Animate Dead             Necr           N/A          2%          4    ###....
 Leda's Liquefaction      Hex/Erth       #####.....   2%          4    ###....
 Passage of Golubria      Tloc           N/A          2%          4    ###....
 Petrify                  Tmut/Erth      #####...     2%          4    ###....
 Bolt of Magma            Conj/Fire/Erth #####.....   6%          5    #####..
 Iskenderun's Battlesphe  Conj/Chrm      #####...     6%          5    #####..
 Lee's Rapid Deconstruct  Erth           #####.....   6%          5    #####..
 Lightning Bolt           Conj/Air       #####.....   6%          5    #####..
 Metabolic Englaciation   Hex/Ice        #####.....   6%          5    #####..
 Summon Forest            Summ/Tloc      #####.....   6%          5    #####..
 Venom Bolt               Conj/Pois      ######....   6%          5    #####..
 Yara's Violent Unravell  Hex/Tmut       #####.....   6%          5    #####..
 Darkness                 Hex            #####.....   32%         6    ######.
 Death Channel            Necr           #####.....   32%         6    ######.
 Hydra Form               Tmut           #####.....   32%         6    ######.
 Invisibility             Hex            #####...     32%         6    ######.
 Iron Shot                Conj/Erth      #####.....   32%         6    ######.
 Simulacrum               Ice/Necr       #####.....   32%         6    ######.
 Orb of Destruction       Conj           #####.....   88%         7    #######
 Spellforged Servitor     Conj/Summ      #####.....   88%         7    #######
 Summon Hydra             Summ           #####.....   88%         7    #######


Dungeon Overview and Level Annotations

Branches:
Dungeon (15/15)            Temple (1/1) D:6            Lair (6/6) D:8
 Shoals (0/4) Lair:2       Spider (0/4) Lair:2        Slime (0/5) Lair:6
    Orc (2/2) D:11            Elf (0/3) Orc:2        Vaults (0/5) D:14
 Depths: D:15

Altars:
Ashenzari
Cheibriados
Dithmenos
Elyvilon
Fedhas
Gozag
Hepliaklqana
Kikubaaqudgha
Makhleb
Nemelex Xobeh
Okawaru
Qazlal
Ru
Sif Muna
Trog
Uskayaw
Vehumet
Wu Jian
Xom
Yredelemnul
Zin
The Shining One

Shops:
D:10 =   D:13 [(   Orc:2 (:[*

Portals:
Trove: D:11 (give +3 storm dragon scales)

Annotations:
Lair:6 3 runed doors, SaintRoka's ghost, journeyman OgTm


Innate Abilities, Weirdness & Mutations

Your experience applies equally to all skills.
You have very sharp teeth.
Your uncanny sense of smell can sniff out nearby items.


Message History

You are engulfed in calcifying dust.
An efreet comes into view.
It is wielding a +3 scimitar of flaming.
The catoblepas gores you!!
* * * LOW HITPOINT WARNING * * *
The yaktaur shouts!
You are engulfed in calcifying dust.
The two-headed ogre hits you with a +0 giant spiked club!
* * * LOW HITPOINT WARNING * * *
The two-headed ogre hits you with a +0 giant club!
* * * LOW HITPOINT WARNING * * *
The cyclops hits you!!
* * * LOW HITPOINT WARNING * * *
The catoblepas gores you!
* * * LOW HITPOINT WARNING * * *
The two-headed ogre hits you with a +0 giant spiked club.
* * * LOW HITPOINT WARNING * * *
The two-headed ogre hits you with a +0 giant club!
* * * LOW HITPOINT WARNING * * *
The cyclops hits you!!
You die...

,, ,, ###* , ,,*
,,, ##.## ,{ ,, , ,
#...##* , , *
#...(### ,
##...(..#* ,, ,
##..##........ ,
##.YC###.......,,,
#..@####.......,
##.§O.......... *
##...<.........*
,,, #.......#......
, , #......R#......
* ##....c.§§§, ,, *
#...#....# *....#.#
#...##..####.......
#...##....##.....#


You could see a catoblepas, a two-headed ogre, a cyclops, a yaktaur and an
efreet.

Vanquished Creatures
  Gastronok (Lair:3)
  An orc warlord (Orc:1)
  Azrael (D:14)
  Fannar (Orc:1)
  A merfolk avatar (Lair:6)
  4 hydras
  Erica (D:8)
  A centaur warrior (D:14)
  A tengu warrior (D:14)
  A queen ant (D:11)
  8 death yaks
  4 two-headed ogres
  3 orc high priests (Orc:1)
  A deep troll (D:10)
  7 unseen horrors
  9 ugly things
  3 orc knights
  A wolf spider zombie (D:14)
  An oklob plant (Lair:1)
  4 orc sorcerers
  A deep elf mage (D:14)
  2 cyclopes
  4 manticores
  20 elephants
  4 black mambas
  2 ice statues (IceCv)
  Maurice (D:8)
  6 gargoyles
  An eye of devastation (shapeshifter) (D:14)
  14 spiny frogs
  12 rime drakes
  2 kobold demonologists
  11 komodo dragons
  6 trolls
  A tengu conjurer (D:14)
  4 polar bears
  2 wind drakes
  5 hornets
  Grinder (D:3)
  10 slime creatures
  22 blink frogs
  15 hippogriffs
  A centaur simulacrum (D:15)
  2 shadows
  A vampire (D:9)
  51 yaks
  A tarantella (D:15)
  A spriggan (D:7)
  3 redbacks (D:15)
  A basilisk (shapeshifter) (D:14)
  10 wyverns
  3 fire elementals (D:14)
  A water elemental (D:15)
  4 basilisks
  2 hungry ghosts
  17 soldier ants
  An acid dragon (D:15)
  11 water moccasins
  A porcupine (Lair:4)
  2 hell hounds (D:14)
  5 sky beasts
  Purgy (D:2)
  A necrophage (D:9)
  31 orc warriors
  15 ice beasts
  4 black bears
  6 phantoms
  16 wolves
  6 ogres
  7 centaurs
  9 crocodiles
  4 big kobolds
  17 bullfrogs
  A gnoll sergeant (D:7)
  A wyvern zombie (D:11)
  6 scorpions
  17 killer bees
  A killer bee (shapeshifter) (D:14)
  13 wights
  5 howler monkeys
  4 electric eels
  8 crimson imps
  2 centaur zombies
  3 bullfrog zombies
  A quasit (D:11)
  10 hounds
  3 jellies
  22 orc wizards
  17 orc priests
  A bullfrog skeleton (D:7)
  3 iguanas
  4 centaur skeletons
  Natasha (twice) (D:2)
  52 worker ants
  2 killer bee zombies
  2 hound skeletons
  3 worker ant zombies
  8 gnolls
  13 adders
  2 shadow imps (D:8)
  An ooze (D:2)
  3 adder skeletons
  3 worms
  3 dart slugs
  6 leopard geckos
  69 orcs
  4 giant cockroaches
  7 goblins
  7 hobgoblins
  4 jackals (D:10)
  19 kobolds
  6 quokkas
  A ball python (D:4)
  A ball python skeleton (D:4)
  3 bats
  2 frilled lizards (D:1)
  A jackal skeleton (D:9)
  A quokka zombie (D:8)
  5 rats
  A fungus (D:2)
  23 plants
811 creatures vanquished.

Vanquished Creatures (others)
  An ugly thing (D:14)
  A hell hound (D:14)
  2 jellies (D:14)
  An orc wizard (Orc:2)
  A bush (Lair:6)
  19 fungi
  38 plants
63 creatures vanquished.

Grand Total: 874 creatures vanquished

Notes
Turn   | Place    | Note
-------+----------+-------------------------------------------
     0 | D:1      | XanderDroid the Gnoll Wanderer began the quest for the Orb.
     0 | D:1      | XanderDroid set off with the following items: a potion of
                  | heal wounds, a scroll of fear, a scroll of teleportation, a
                  | +0 ring mail, a +0 dagger, a ration
     0 | D:1      | Reached XP level 1. HP: 20/20 MP: 2/2
   279 | D:1      | Reached XP level 2. HP: 22/26 MP: 3/3
   629 | D:1      | Found a sparkling altar of Nemelex Xobeh.
   947 | D:2      | Reached XP level 3. HP: 19/31 MP: 4/4
  1338 | D:2      | Reached skill level 1 in Invocations
  1887 | D:2      | Reached skill level 1 in Short Blades
  1887 | D:2      | Reached skill level 1 in Long Blades
  1887 | D:2      | Reached skill level 1 in Axes
  1887 | D:2      | Reached skill level 1 in Maces & Flails
  1887 | D:2      | Reached skill level 1 in Polearms
  1887 | D:2      | Reached skill level 1 in Staves
  1887 | D:2      | Reached skill level 1 in Slings
  1887 | D:2      | Reached skill level 1 in Crossbows
  1887 | D:2      | Reached skill level 1 in Throwing
  1887 | D:2      | Reached skill level 1 in Dodging
  1887 | D:2      | Reached skill level 1 in Stealth
  1887 | D:2      | Reached skill level 1 in Spellcasting
  1887 | D:2      | Reached XP level 4. HP: 23/38 MP: 6/6
  2335 | D:2      | Found a hide-covered altar of Uskayaw.
  2335 | D:2      | Noticed a +0 dagger
  2336 | D:2      | Noticed a +0 hand axe
  2360 | D:2      | Reached skill level 1 in Conjurations
  2360 | D:2      | Reached skill level 1 in Hexes
  2360 | D:2      | Reached skill level 1 in Charms
  2360 | D:2      | Reached skill level 1 in Summonings
  2360 | D:2      | Reached skill level 1 in Necromancy
  2360 | D:2      | Reached skill level 1 in Translocations
  2360 | D:2      | Reached skill level 1 in Transmutations
  2360 | D:2      | Reached skill level 1 in Fire Magic
  2360 | D:2      | Reached skill level 1 in Ice Magic
  2360 | D:2      | Reached skill level 1 in Air Magic
  2360 | D:2      | Reached skill level 1 in Earth Magic
  2360 | D:2      | Reached skill level 1 in Poison Magic
  2409 | D:2      | Noticed Natasha
  2632 | D:2      | Found a sacrificial altar of Ru.
  2675 | D:2      | Killed Natasha
  2675 | D:2      | Reached XP level 5. HP: 28/43 MP: 7/7
  2910 | D:3      | Noticed Purgy
  2942 | D:2      | Killed Purgy
  3006 | D:2      | Noticed Natasha
  3018 | D:2      | Killed Natasha
  3018 | D:2      | Reached XP level 6. HP: 31/50 MP: 8/8
  3268 | D:3      | Found a faded altar of an unknown god.
  3598 | D:3      | Noticed a hungry ghost
  3631 | D:3      | Killed a hungry ghost
  3631 | D:3      | Reached skill level 5 in Fighting
  3631 | D:3      | Reached skill level 5 in Bows
  3631 | D:3      | Reached skill level 5 in Armour
  3631 | D:3      | Reached skill level 5 in Unarmed Combat
  4429 | D:3      | Reached XP level 7. HP: 32/56 MP: 10/10
  4972 | D:4      | Noticed Grinder
  5327 | D:3      | Paralysed by Grinder for 6 turns
  5361 | D:3      | Killed Grinder
  5361 | D:3      | Reached XP level 8. HP: 8/63 MP: 12/12
  5798 | D:3      | HP: 3/63 [ogre/+0 giant club (25)]
  6396 | D:5      | Entered Level 5 of the Dungeon
  6820 | D:5      | Found a shadowy altar of Dithmenos.
  7805 | D:6      | Found a staircase to the Ecumenical Temple.
  7894 | Temple   | Entered the Ecumenical Temple
  8038 | Temple   | Became a worshipper of Ashenzari the Shackled
  8233 | D:6      | Reached XP level 9. HP: 62/69 MP: 14/14
  9819 | D:7      | Reached skill level 5 in Shields
  9819 | D:7      | Reached skill level 5 in Evocations
 10401 | D:8      | Found a snail-covered altar of Cheibriados.
 10562 | D:8      | Noticed Erica
 10563 | D:8      | Noticed Maurice
 10612 | D:7      | Reached skill level 5 in Invocations
 11133 | D:6      | Reached XP level 10. HP: 77/77 MP: 17/17
 12061 | D:8      | Found a staircase to the Lair.
 12318 | D:8      | Reached skill level 5 in Short Blades
 12318 | D:8      | Reached skill level 5 in Long Blades
 12318 | D:8      | Reached skill level 5 in Axes
 12318 | D:8      | Reached skill level 5 in Maces & Flails
 12318 | D:8      | Reached skill level 5 in Polearms
 12318 | D:8      | Reached skill level 5 in Staves
 12318 | D:8      | Reached skill level 5 in Slings
 12318 | D:8      | Reached skill level 5 in Crossbows
 12318 | D:8      | Reached skill level 5 in Throwing
 12318 | D:8      | Reached skill level 5 in Dodging
 12318 | D:8      | Reached skill level 5 in Stealth
 12318 | D:8      | Reached skill level 5 in Spellcasting
 12853 | D:9      | Found the +9 staff of Olgreb {rPois}
 12968 | D:9      | Found a runed gate.
 13294 | D:9      | Found a runed gate.
 13297 | D:9      | Found a runed gate.
 13306 | D:9      | Found a runed door.
 13785 | D:9      | Found a runed door.
 13815 | D:10     | Entered Level 10 of the Dungeon
 14341 | D:10     | Reached * piety under Ashenzari
 14377 | D:10     | Noticed a gargoyle
 14496 | D:10     | Killed an unseen horror
 14496 | D:10     | Reached XP level 11. HP: 21/84 MP: 19/19
 14846 | D:10     | Found a shadowy altar of Dithmenos.
 14912 | D:10     | Noticed a two-headed ogre
 14935 | D:10     | Killed a two-headed ogre
 15028 | D:10     | Found Laom's Jewellery Shoppe.
 15515 | D:8      | Killed Erica
 15515 | D:8      | Reached skill level 5 in Conjurations
 15515 | D:8      | Reached skill level 5 in Hexes
 15515 | D:8      | Reached skill level 5 in Charms
 15515 | D:8      | Reached skill level 5 in Summonings
 15515 | D:8      | Reached skill level 5 in Necromancy
 15515 | D:8      | Reached skill level 5 in Translocations
 15515 | D:8      | Reached skill level 5 in Transmutations
 15515 | D:8      | Reached skill level 5 in Fire Magic
 15515 | D:8      | Reached skill level 5 in Ice Magic
 15515 | D:8      | Reached skill level 5 in Air Magic
 15515 | D:8      | Reached skill level 5 in Earth Magic
 15515 | D:8      | Reached skill level 5 in Poison Magic
 16346 | D:10     | Bought the ring "Pyalazig" {rCorr Dex+4} for 495 gold
                  | pieces
 16563 | D:11     | Noticed a brown ugly thing
 16601 | D:11     | Killed a brown ugly thing
 16727 | D:11     | Found a portal to a secret trove of treasure.
 16832 | D:11     | Noticed a two-headed ogre
 16869 | D:11     | Killed a two-headed ogre
 16925 | D:11     | Found a staircase to the Orcish Mines.
 17057 | D:11     | Reached XP level 12. HP: 55/93 MP: 22/22
 17350 | D:11     | Noticed a queen ant
 17474 | D:11     | Killed a queen ant
 18117 | D:8      | Killed Maurice
 18174 | Lair:1   | Entered Level 1 of the Lair of Beasts
 20135 | Lair:1   | Reached XP level 13. HP: 77/101 MP: 24/24
 20435 | Lair:2   | Reached ** piety under Ashenzari
 20449 | Lair:2   | Found a staircase to the Shoals.
 20720 | Lair:2   | Found a hole to the Spider Nest.
 20888 | Lair:2   | Learned a level 1 spell: Confusing Touch
 21706 | Lair:2   | Upgraded the game from 0.23-a0-473-gc8aadda to
                  | 0.23-a0-480-g1869896
 21804 | Lair:3   | Reached *** piety under Ashenzari
 22143 | Lair:3   | Noticed Gastronok
 22204 | Lair:3   | Killed Gastronok
 23991 | Lair:4   | Reached XP level 14. HP: 75/109 MP: 26/26
 24271 | Lair:5   | Found a frozen archway.
 24493 | IceCv    | Entered an ice cave
 24986 | IceCv    | Reached skill level 10 in Fighting
 24986 | IceCv    | Reached skill level 10 in Bows
 24986 | IceCv    | Reached skill level 10 in Armour
 24986 | IceCv    | Reached skill level 10 in Unarmed Combat
 26108 | Lair:5   | Reached **** piety under Ashenzari
 26422 | Lair:6   | Entered Level 6 of the Lair of Beasts
 26422 | Lair:6   | Found a runed gate.
 26422 | Lair:6   | Found a runed gate.
 26916 | Lair:6   | Found a runed gate.
 26972 | Lair:6   | Noticed SaintRoka's ghost (journeyman OgTm)
 26998 | Lair:6   | Reached skill level 10 in Invocations
 27108 | Lair:6   | Identified the +4 scale mail "Sebir" {rF+}
 27315 | Lair:6   | HP: 5/110 [hippogriff (3)]
 27316 | Lair:6   | HP: 2/110 [rime drake/flash freeze (4)]
 27876 | Lair:6   | HP: 3/111 [rime drake (6)]
 28781 | Lair:6   | Reached XP level 15. HP: 111/117 MP: 28/28
 28809 | Lair:6   | Found a staircase to the Slime Pits.
 29240 | Lair:5   | Reached skill level 10 in Shields
 29240 | Lair:5   | Reached skill level 10 in Evocations
 30969 | D:11     | Learned a level 4 spell: Airstrike
 31772 | D:12     | Found a deep blue altar of Sif Muna.
 31853 | Orc:1    | Entered Level 1 of the Orcish Mines
 32150 | Orc:1    | Noticed Fannar
 32185 | Orc:1    | Killed Fannar
 32262 | Orc:1    | Reached ***** piety under Ashenzari
 32435 | Orc:2    | Entered Level 2 of the Orcish Mines
 32517 | Orc:2    | Found Emoikkoz's Antique Weapon Shop.
 32517 | Orc:2    | Found Muino's Antique Armour Boutique.
 32592 | Orc:2    | Found a staircase to the Elven Halls.
 33075 | Orc:2    | Noticed an orc warlord
 33125 | Orc:1    | HP: 5/117 [orc warlord/+1 battleaxe of flaming (2)]
 33127 | Orc:1    | Killed an orc warlord
 33299 | Orc:1    | Reached skill level 10 in Short Blades
 33299 | Orc:1    | Reached skill level 10 in Long Blades
 33299 | Orc:1    | Reached skill level 10 in Axes
 33299 | Orc:1    | Reached skill level 10 in Maces & Flails
 33299 | Orc:1    | Reached skill level 10 in Polearms
 33299 | Orc:1    | Reached skill level 10 in Staves
 33299 | Orc:1    | Reached skill level 10 in Slings
 33299 | Orc:1    | Reached skill level 10 in Crossbows
 33299 | Orc:1    | Reached skill level 10 in Throwing
 33299 | Orc:1    | Reached skill level 10 in Dodging
 33299 | Orc:1    | Reached skill level 10 in Stealth
 33299 | Orc:1    | Reached skill level 10 in Spellcasting
 34200 | Orc:2    | Paralysed by an orc sorcerer for 4 turns
 34436 | Orc:2    | Found Weum's General Store.
 34436 | Orc:2    | Found Pifyib's Book Boutique.
 34498 | Orc:2    | Bought a warped chain mail for 304 gold pieces
 34498 | Orc:2    | Identified the +3 chain mail of Amauveip {rPois rF+ Stlth-}
                  | (You bought it in a shop on level 2 of the Orcish Mines)
 34510 | Orc:2    | Bought a potion of heal wounds for 60 gold pieces
 34545 | Orc:2    | Bought a faintly humming ring mail for 288 gold pieces
 34545 | Orc:2    | Identified the cursed +1 ring mail of Dogma {MR+} (You
                  | bought it in a shop on level 2 of the Orcish Mines)
 34599 | Orc:2    | Bought a book of Unlife for 910 gold pieces
 34608 | Orc:2    | Learned a level 5 spell: Borgnjor's Vile Clutch
 35072 | D:12     | Upgraded the game from 0.23-a0-480-g1869896 to
                  | 0.23-a0-481-g60b89c1
 35275 | D:13     | Found Pucvyfes's Antique Armour Boutique.
 35280 | D:13     | Found Falamul's Antique Weapon Emporium.
 36151 | D:14     | Found a white marble altar of Elyvilon.
 36321 | D:14     | Identified the +3 war axe of Kismet {holy, Stlth+}
 36537 | D:14     | Found a gate to the Vaults.
 37115 | D:14     | Reached XP level 16. HP: 125/125 MP: 30/30
 37146 | D:14     | Noticed Azrael
 37167 | D:14     | Killed Azrael
 37993 | D:15     | Entered Level 15 of the Dungeon
 38022 | D:15     | Found a shadowy altar of Dithmenos.
 38334 | D:15     | Slain by a cyclops

Vault maps used:
D:1:      dpeg_arrival_short_road, nemelex_altar_shiori
D:2:      dancing_weapons_uskayaw, first_ration, kennysheep_decorative_pillar,
          nicolae_ru_the_path_less_chosen, uniq_natasha
D:3:      chequers_ecumenical_altar_simple_redux, serial_curves, eino_curves_02,
          eino_curves_02, eino_curves_04, fountainhead,
          kennysheep_generic_room_3, uniq_purgy
D:4:      uniq_grinder
D:5:      grunt_decor_one_mirror, minmay_misc_feat_encased,
          grunt_dithmenos_smoke
D:6:      temple_green
D:7:      the_bakery
D:8:      slow_altar_1, grunt_lair_entry_orc_guard_hut, uniq_erica, uniq_maurice
D:9:      minmay_guarded_unrand_staff_of_olgreb
D:10:     basic_altar, serial_shops, shop, evilmike_minifort
D:11:     orc_0_dummy, enter_trove_1, serial_bayou_pond_c, zaba_anthell
D:12:     basic_altar
D:13:     serial_shops, shop, nicolae_shop_crystal
D:14:     david_vaults_2, minmay_misc_feat_pillars, elyvilon_altar_1,
          uniq_azrael
D:15:     hangedman_depths_entry_try_elsewhere_first, basic_altar,
          nicolae_lava_and_water
Temple:   regret_index_temple_chain_breaker
Lair:1:   wad_woods_structure_01, serial_bayou, serial_bayou_lagoon_a,
          serial_bayou_pond_d, serial_bayou_lagoon_b, serial_bayou_pond_b,
          minmay_lair_oklob_chamber
Lair:2:   minmay_shoals_entry_beasts, dummy_spider_entry, minivault_27,
          minmay_holes
Lair:3:   grunt_forest_stairs_basic, lemuel_fruit_tree, grunt_megastairs_1,
          uniq_gastronok
Lair:5:   portal_ice_cave_entry_pillars_1, beast_lair_carwin_3
Lair:6:   gammafunk_lair_ancient_temple, dpeg_slime_entry_corner,
          gammafunk_ghost_hydra_chop, special_room
Orc:1:    uniq_fannar
Orc:2:    st_orc_congregation
IceCv:    ice_cave_small_dragons

Skill      XL: |  1  2  3  4  5  6  7  8  9 10 11 12 13 14 15 |
---------------+----------------------------------------------+-----
Invocations    | 1 2 3 4 5 6 7 8 9 10 11 | 11.3
Short Blades   | 1 2 3 4 5 6 7 8 9 10 | 10.5
Long Blades    | 1 2 3 4 5 6 7 8 9 10 | 10.5
Axes           | 1 2 3 4 5 6 7 8 9 10 | 10.5
Maces & Flails | 1 2 3 4 5 6 7 8 9 10 | 10.5
Polearms       | 1 2 3 4 5 6 7 8 9 10 | 10.5
Staves         | 1 2 3 4 5 6 7 8 9 10 | 10.5
Slings         | 1 2 3 4 5 6 7 8 9 10 | 10.5
Crossbows      | 1 2 3 4 5 6 7 8 9 10 | 10.5
Throwing       | 1 2 3 4 5 6 7 8 9 10 | 10.5
Dodging        | 1 2 3 4 5 6 7 8 9 10 | 10.5
Stealth        | 1 2 3 4 5 6 7 8 9 10 | 10.5
Spellcasting   | 1 2 3 4 5 6 7 8 9 10 | 10.5
Conjurations   | 1 2 3 4 5 6 7 8 |  8.9
Hexes          | 1 2 3 4 5 6 7 8 |  8.9
Charms         | 1 2 3 4 5 6 7 8 |  8.9
Summonings     | 1 2 3 4 5 6 7 8 |  8.9
Necromancy     | 1 2 3 4 5 6 7 8 |  8.9
Translocations | 1 2 3 4 5 6 7 8 |  8.9
Transmutations | 1 2 3 4 5 6 7 8 |  8.9
Fire Magic     | 1 2 3 4 5 6 7 8 |  8.9
Ice Magic      | 1 2 3 4 5 6 7 8 |  8.9
Air Magic      | 1 2 3 4 5 6 7 8 |  8.9
Earth Magic    | 1 2 3 4 5 6 7 8 |  8.9
Poison Magic   | 1 2 3 4 5 6 7 8 |  8.9
Shields        | 3 4 5 6 7 8 9 10 | 10.8
Evocations     | 3 4 5 6 7 8 9 10 | 10.8
Fighting       | 5 6 7 8 9 10 11 | 11.3
Bows           | 5 6 7 8 9 10 11 | 11.3
Armour         | 5 6 7 8 9 10 11 | 11.3
Unarmed Combat | 5 6 7 8 9 10 11 | 11.3

Action                   |  1- 3 |  4- 6 |  7- 9 | 10-12 | 13-15 | 16-18 || total
-------------------------+-------+-------+-------+-------+-------+-------++-------
Melee: Dagger            |   148 |     6 |       |       |       |       ||   154
       Bite              |    16 |    22 |    82 |   276 |   522 |    49 ||   967
       Punch             |     2 |     7 |     4 |       |       |       ||    13
       Spear             |       |   183 |   150 |       |       |       ||   333
       Short sword       |       |    12 |    60 |   676 |    73 |     4 ||   825
       Trident           |       |       |   516 |       |       |       ||   516
       Unarmed           |       |       |       |     1 |       |       ||     1
       Staff             |       |       |       |   672 |  2278 |   244 ||  3194
       Scimitar          |       |       |       |   313 |   213 |       ||   526
 Cast: Confusing Touch   |       |       |       |       |     7 |     1 ||     8
Invok: Curse Item        |       |       |       |     2 |     2 |       ||     4
       Scrying           |       |       |       |       |     1 |       ||     1
Evoke: Wand              |       |       |     4 |       |     1 |       ||     5
       Staff of Olgreb   |       |       |       |     1 |    18 |    15 ||    34
  Use: Scroll            |       |       |     8 |    11 |    15 |       ||    34
       Potion            |       |       |     2 |    10 |     9 |     2 ||    23
 Stab: Sleeping          |       |       |     2 |    11 |     8 |     2 ||    23
       Distracted        |       |       |       |     3 |     3 |     1 ||     7
       Confused          |       |       |       |       |     7 |       ||     7
       Petrified         |       |       |       |       |     2 |       ||     2
  Eat: Chunk             |     3 |     7 |    17 |    24 |    27 |       ||    78
       Ration            |       |     1 |     2 |     5 |    10 |     1 ||    19
Armor: Ring mail         |    52 |    86 |       |       |    76 |    66 ||   280
       Scale mail        |       |       |   311 |   402 |       |       ||   713
       Skin              |       |       |       |    66 |     6 |       ||    72
       Chain mail        |       |       |       |    76 |  1058 |       ||  1134
Dodge: Dodged            |    67 |   112 |   412 |   658 |  1455 |   170 ||  2874
Block: Buckler           |       |       |   206 |   366 |   988 |    55 ||  1615
       Shield            |       |       |       |       |       |    52 ||    52
       Rpst.: Scimitar   |       |       |       |    31 |    29 |       ||    60

Table legend:
 A = Non-vault XP
 B = Vault XP
 C = Vault XP percentage of total XP
 D = Non-vault monster count
 E = Vault monster count
 F = Vault count percentage of total count
                 A         B        C        D         E       F
            +---------+---------+-------+---------+---------+-------
      Total |   86094 |   55755 |  39.3 |     516 |     274 |  34.7
            +---------+---------+-------+---------+---------+-------
        D:1 |      23 |       0 |   0.0 |      13 |       0 |   0.0
        D:2 |     157 |     169 |  51.8 |      20 |       2 |   9.1
        D:3 |     728 |     294 |  28.8 |      28 |       3 |   9.7
        D:4 |     250 |       0 |   0.0 |      14 |       0 |   0.0
        D:5 |     399 |       0 |   0.0 |       8 |       0 |   0.0
        D:6 |     797 |      66 |   7.6 |      17 |       1 |   5.6
        D:7 |    1460 |     473 |  24.5 |      29 |       3 |   9.4
        D:8 |    1223 |    1467 |  54.5 |      31 |       4 |  11.4
        D:9 |    1856 |    1834 |  49.7 |      28 |      26 |  48.1
       D:10 |    4064 |    1856 |  31.4 |      32 |      14 |  30.4
       D:11 |    7511 |    4035 |  34.9 |      41 |      46 |  52.9
       D:12 |    2742 |       0 |   0.0 |      16 |       0 |   0.0
       D:13 |    7534 |       0 |   0.0 |      30 |       0 |   0.0
       D:14 |   11483 |    2881 |  20.1 |      42 |      10 |  19.2
       D:15 |    3755 |       0 |   0.0 |      13 |       0 |   0.0
     Lair:1 |    4245 |    3772 |  47.1 |      25 |      15 |  37.5
     Lair:2 |    7680 |     772 |   9.1 |      27 |       2 |   6.9
     Lair:3 |    4074 |    3466 |  46.0 |      19 |       8 |  29.6
     Lair:4 |    6488 |       0 |   0.0 |      18 |       0 |   0.0
     Lair:5 |   10801 |    7491 |  41.0 |      30 |      20 |  40.0
     Lair:6 |    7881 |   11111 |  58.5 |      18 |      31 |  63.3
      Orc:1 |     633 |    8008 |  92.7 |      11 |      29 |  72.5
      Orc:2 |     310 |    4553 |  93.6 |       6 |      42 |  87.5
      IceCv |       0 |    3507 | 100.0 |       0 |      18 | 100.0
            +---------+---------+-------+---------+---------+-------
